 Dungeon Sprint DCSS version 0.21.1-1-g345015f (webtiles) character file.

12100000 sanboga the Conqueror (level 27, -16/323 HPs)
             Began as an Ogre Monk on Mar 8, 2018.
             Was the Champion of Makhleb.
             Demolished by a reaper
             ... wielding a +6 scythe of freezing
             ... summoned by an accursed's death curse
              (18 damage)
             ... in the Dungeon (Sprint VIII: "Arena of Blood").
             The game lasted 00:03:34 (121 turns).

sanboga the Conqueror (Ogre Monk)                    Turns: 121, Time: 00:03:35

Health: -16/323    AC:  5    Str: 32    XL:     27
Magic:  30/54      EV: 24    Int: 11    God:    Makhleb [******]
Gold:   0          SH:  0    Dex: 11    Spells: 80/80 levels left

rFire    . . .     SeeInvis .   j - +∞ Axe of Woe
rCold    . . .     Gourm    .   (shield currently unavailable)
rNeg     . . .     Faith    .   b - +0 robe
rPois    .         Spirit   .   (helmet restricted)
rElec    .         Reflect  .   (no cloak)
rCorr    .         Harm     .   (gloves unavailable)
MR       ++...     NoTele   +   (boots unavailable)
Stlth    +++++++++.             (no amulet)
HPRegen  0.63/turn              a - +30 ring of slaying
MPRegen  0.34/turn              k - +30 ring of slaying

@: no status effects
A: large, unfitting armour, tough skin 1
a: Minor Destruction, Lesser Servant of Makhleb, Major Destruction, Greater
Servant of Makhleb, Renounce Religion


You were in the Dungeon.
You worshipped Makhleb.
Makhleb was exalted by your worship.
You were not hungry.

You visited 1 branch

Inventory:

Hand Weapons
 j - the +∞ Axe of Woe (weapon)
   (You found it in the Dungeon)
Armour
 b - a +0 robe (worn)
Jewellery
 a - a +30 ring of slaying (left hand)
 k - a +30 ring of slaying (right hand)
Scrolls
 i - a scroll of blinking
Potions
 d - a potion of curing
 e - a potion of heal wounds
 f - a potion of haste
 g - 2 potions of magic
 h - a potion of berserk rage
Comestibles
 c - a ration


   Skills:
 O Level 27 Fighting
 O Level 27 Axes
 O Level 27 Throwing
 O Level 27 Armour
 O Level 27 Dodging
 O Level 27 Stealth
 O Level 27 Unarmed Combat
 O Level 27 Spellcasting
 O Level 27 Invocations


You had 80 spell levels left.
You didn't know any spells.

Dungeon Overview and Level Annotations

Branches:
Dungeon (1/1)

Altars:
Makhleb


Innate Abilities, Weirdness & Mutations

You are too large for most types of armour.
You have tough skin. (AC +1)


Message History

You hear a shout! x4
The dread calls on the powers of darkness!
Your body is wracked with pain!
* * * LOW HITPOINT WARNING * * *
The eight-headed meat hydra convulses! x2; The bag of meat convulses! x3
The fleshlord appears out of thin air!
A fleshlord comes into view. It is wielding a +9 great mace.
The dread calls on the powers of darkness!
The eight-headed meat hydra convulses!
The bag of meat convulses! x2
Your body is wracked with pain!
* * * LOW HITPOINT WARNING * * *
The fleshlord convulses!
The fleshlord shouts!
The eight-headed meat hydra convulses!
The bag of meat convulses! x2
The meat berserker convulses!
The bag of meat convulses!
You hear a shout!
The reaper hits you from afar with a scythe of freezing!!!
* * * LOW HITPOINT WARNING * * *
The reaper freezes you!!
You die...

.................
.......%#.#.%....
......%...%.....#
...{.............
....zM.%.........
....DW...%.......
........2........
#W.o)§§§# o
#.zWo@§§#
..###..)§))p###...
.....D###oXoO....
.......§§WxoW....
....#§o§%o#....%.
....#_)L._#....%.
... #§....#......
......._.........
......###........


You could see an accursed, a reaper, 2 eight-headed meat hydras, a fleshlord, 2
sculptors of flesh, a large abomination, 5 dreads, a meat berserker (berserk), a
small abomination and 6 bags of meat.

Vanquished Creatures
  3 hell beasts (D)
  4 greater mummies (D)
  4 great orbs of eyes (D)
  4 wraiths (D)
  Harold (D)
  12 vampire knights (D)
  38 ogres (D)
  9 two-headed ogres (D)
  6 liches (D)
  4 hydras (D)
  78 orcs (D)
  9 phantoms (D)
  7 skeletal warriors (D)
  7 large abominations (D)
  11 small abominations (D)
  22 crawling corpses (D)
219 creatures vanquished.

Vanquished Creatures (others)
  2 orcs (D)
  5 crawling corpses (D)
7 creatures vanquished.

Grand Total: 226 creatures vanquished

Notes
Turn   | Place    | Note
-------+----------+-------------------------------------------
     0 | D        | Found the +∞ Axe of Woe
     0 | D        | sanboga the Ogre Monk began the quest for the Orb.
     0 | D        | Reached XP level 1. HP: 24/24 MP: 1/1
     2 | D        | Became a worshipper of Makhleb the Destroyer
     2 | D        | Reached * piety under Makhleb
     2 | D        | Reached ** piety under Makhleb
     3 | D        | Noticed a bag of meat
     4 | D        | Noticed a bag of meat
     4 | D        | Noticed a bag of meat
     4 | D        | Noticed a bag of meat
     4 | D        | Noticed a bag of meat
     5 | D        | Noticed a meat berserker
     7 | D        | Noticed a bag of meat
     9 | D        | Noticed a bag of meat
     9 | D        | Killed a meat berserker
     9 | D        | Reached skill level 15 in Fighting
     9 | D        | Reached skill level 10 in Armour
     9 | D        | Reached skill level 10 in Stealth
     9 | D        | Reached XP level 2. HP: 58/58 MP: 1/16
     9 | D        | Reached XP level 3. HP: 66/66 MP: 1/17
     9 | D        | Reached XP level 4. HP: 75/75 MP: 1/19
     9 | D        | Reached XP level 5. HP: 83/83 MP: 1/20
     9 | D        | Reached XP level 6. HP: 92/92 MP: 1/22
     9 | D        | Reached XP level 7. HP: 100/100 MP: 1/23
     9 | D        | Reached XP level 8. HP: 110/110 MP: 1/25
     9 | D        | Reached XP level 9. HP: 118/118 MP: 1/26
     9 | D        | Reached XP level 10. HP: 127/127 MP: 1/27
     9 | D        | Reached XP level 11. HP: 135/135 MP: 1/28
     9 | D        | Reached XP level 12. HP: 144/144 MP: 1/29
     9 | D        | Reached XP level 13. HP: 152/152 MP: 1/30
    10 | D        | Killed a bag of meat
    10 | D        | Reached XP level 14. HP: 119/166 MP: 1/32
    11 | D        | Noticed a bag of meat
    11 | D        | Noticed a meat berserker
    11 | D        | Killed a bag of meat
    11 | D        | Reached skill level 15 in Spellcasting
    11 | D        | Killed a bag of meat
    11 | D        | Reached *** piety under Makhleb
    11 | D        | Reached skill level 15 in Axes
    11 | D        | Reached skill level 15 in Throwing
    11 | D        | Reached XP level 15. HP: 156/180 MP: 1/35
    12 | D        | Noticed a meat berserker
    14 | D        | Killed a meat berserker
    14 | D        | Reached skill level 15 in Dodging
    14 | D        | Reached skill level 15 in Unarmed Combat
    14 | D        | Reached XP level 16. HP: 195/195 MP: 2/37
    16 | D        | Noticed a meat berserker
    16 | D        | Noticed a large bag of meat
    16 | D        | Noticed a meat berserker
    16 | D        | Noticed a meat berserker
    17 | D        | Killed a meat berserker
    17 | D        | Reached **** piety under Makhleb
    17 | D        | Reached skill level 15 in Armour
    17 | D        | Reached skill level 15 in Stealth
    17 | D        | Reached XP level 17. HP: 210/210 MP: 3/40
    18 | D        | Noticed a meat berserker
    18 | D        | Noticed a meat berserker
    19 | D        | Killed a meat berserker
    19 | D        | Reached ***** piety under Makhleb
    19 | D        | Reached skill level 15 in Invocations
    19 | D        | Reached XP level 18. HP: 227/227 MP: 3/43
    19 | D        | Killed a meat berserker
    19 | D        | Reached XP level 19. HP: 241/241 MP: 3/45
    20 | D        | Noticed a meat berserker
    20 | D        | Noticed a large bag of meat
    20 | D        | Killed a meat berserker
    20 | D        | Reached skill level 27 in Fighting
    20 | D        | Killed a meat berserker
    20 | D        | Reached XP level 20. HP: 256/256 MP: 4/48
    22 | D        | Reached ****** piety under Makhleb
    22 | D        | Killed a meat berserker
    22 | D        | Reached XP level 21. HP: 265/265 MP: 4/51
    23 | D        | Noticed a destroyer
    24 | D        | Noticed a meat berserker
    24 | D        | Reached skill level 27 in Spellcasting
    24 | D        | Reached XP level 22. HP: 275/275 MP: 5/53
    25 | D        | Reached skill level 27 in Axes
    25 | D        | Reached skill level 27 in Throwing
    26 | D        | Reached skill level 27 in Invocations
    26 | D        | Reached skill level 27 in Dodging
    26 | D        | Reached skill level 27 in Unarmed Combat
    26 | D        | Reached XP level 23. HP: 284/284 MP: 5/54
    27 | D        | Killed a large bag of meat
    27 | D        | Reached skill level 27 in Armour
    27 | D        | Reached skill level 27 in Stealth
    28 | D        | Reached XP level 24. HP: 295/295 MP: 6/54
    28 | D        | Killed a large bag of meat
    29 | D        | Noticed a destroyer
    30 | D        | Noticed The Servant
    30 | D        | Reached XP level 25. HP: 304/304 MP: 6/54
    33 | D        | Killed a destroyer
    33 | D        | Reached XP level 26. HP: 307/314 MP: 7/54
    35 | D        | Killed a destroyer
    35 | D        | Reached XP level 27. HP: 323/323 MP: 8/54
    36 | D        | Noticed a destroyer
    37 | D        | Noticed a destroyer
    38 | D        | Killed The Servant
    39 | D        | Killed a destroyer
    39 | D        | Killed a destroyer
    45 | D        | Noticed a large bag of meat
    46 | D        | Noticed a large bag of meat
    52 | D        | Noticed a tyrant
    53 | D        | Killed a large bag of meat
    54 | D        | Noticed a destroyer
    58 | D        | Killed a large bag of meat
    61 | D        | Killed a destroyer
    63 | D        | Noticed a dread
    63 | D        | Noticed a meat beast
    64 | D        | Killed a tyrant
    65 | D        | Noticed an accursed
    65 | D        | Noticed a large bag of meat
    67 | D        | Killed a meat beast
    70 | D        | Noticed a large bag of meat
    71 | D        | Killed a dread
    72 | D        | Noticed a large bag of meat
    73 | D        | Killed an accursed
    74 | D        | Noticed a dread
    74 | D        | Killed a large bag of meat
    75 | D        | Noticed a dread
    76 | D        | Noticed a tyrant
    80 | D        | Noticed a destroyer
    81 | D        | Noticed a meat beast
    83 | D        | Killed a meat beast
    87 | D        | Noticed a meat beast
    89 | D        | Killed a destroyer
    90 | D        | Noticed a destroyer
    90 | D        | Noticed an accursed
    91 | D        | Killed a meat beast
    91 | D        | Killed a large bag of meat
    92 | D        | Noticed an accursed
    92 | D        | Noticed a destroyer
    92 | D        | Killed a dread
    93 | D        | Noticed a large bag of meat
    94 | D        | Noticed an accursed
    94 | D        | HP: 5/323 [something/bolt of negative energy (108)]
    95 | D        | Killed a tyrant
    97 | D        | Noticed a tyrant
    98 | D        | Killed a destroyer
    99 | D        | Noticed a dread
   101 | D        | Noticed a tyrant
   101 | D        | Noticed a tyrant
   102 | D        | Noticed a destroyer
   102 | D        | Killed a destroyer
   103 | D        | Killed a large bag of meat
   103 | D        | Killed a large bag of meat
   104 | D        | Noticed a tyrant
   104 | D        | Killed a tyrant
   105 | D        | Noticed a destroyer
   106 | D        | Noticed a dread
   106 | D        | Noticed a destroyer
   107 | D        | Noticed a dread
   107 | D        | Noticed a destroyer
   108 | D        | Killed an accursed
   108 | D        | Killed a dread
   108 | D        | Killed a tyrant
   108 | D        | Killed a destroyer
   109 | D        | Noticed a large bag of meat
   109 | D        | Killed a tyrant
   109 | D        | Killed a destroyer
   109 | D        | Killed a dread
   110 | D        | Noticed an accursed
   110 | D        | HP: 14/323 [??? (12)]
   111 | D        | Noticed a dread
   111 | D        | Killed an accursed
   111 | D        | Killed a large bag of meat
   111 | D        | Killed a tyrant
   112 | D        | Killed a destroyer
   113 | D        | Noticed a dread
   113 | D        | Killed an accursed
   113 | D        | Killed a destroyer
   114 | D        | Noticed a dread
   117 | D        | HP: 16/323 [??? (13)]
   121 | D        | Noticed a fleshlord
   121 | D        | HP: 2/323 [reaper/scythe of freezing[an accursed's death curse] (39)]
   121 | D        | Demolished by a reaper

Skill      XL: |  1  2  3  4  5  6  7  8  9 10 11 12 13 14 15 16 17 18 19 20 21 22 23 |
---------------+----------------------------------------------------------------------+-----
Fighting       | 15 17 19 20 22 24 25 27 | 27.0
Axes           | 12 13 15 16 18 20 21 23 24 26 27 | 27.0
Throwing       | 12 13 15 16 18 19 21 22 24 26 27 | 27.0
Armour         | 10 11 13 14 15 17 18 19 21 23 25 27 | 27.0
Dodging        | 11 12 14 15 16 18 19 21 22 24 27 | 27.0
Stealth        | 10 11 13 14 15 17 18 20 21 23 25 27 | 27.0
Unarmed Combat | 11 12 14 15 16 18 19 21 22 24 27 | 27.0
Spellcasting   | 13 14 16 17 19 21 22 24 26 27 | 27.0
Invocations    | 7 12 15 17 20 22 25 27 | 27.0

Action                   |  1- 3 |  4- 6 |  7- 9 | 10-12 | 13-15 | 16-18 | 19-21 | 22-24 | 25-27 || total
-------------------------+-------+-------+-------+-------+-------+-------+-------+-------+-------++-------
Melee: Executioner's axe |     1 |       |       |       |     3 |     3 |     5 |     5 |    74 ||    91
Armor: Robe              |       |       |       |       |       |       |       |       |     2 ||     2
Dodge: Dodged            |       |       |       |       |       |       |       |       |    10 ||    10
